[ AOE2 MATCH · #505012691 ]
UnrankedWu vs Lithuanians
Player's team · WIN
Rival team · LOSS
[ REPLAY ANALYSIS · EXTRACTED FROM THE RECORDED GAME ]
Feudal
10:15
Castle
22:17
Imperial
42:29
| APM avg | 40.5 |
| APM peak | 74 |
| eAPM avg | 24.3 |
| Villagers / military | 184 / 322 |
Focus
⚔️ 39.6% · 🌾 60.4%
Spearman ×157 · Unknown (1944) ×83 · Scout Cavalry ×78 · Skirmisher ×63 · Unknown (1942) ×14 · Archer ×12
Feudal
11:48
Castle
22:26
Imperial
45:33
| APM avg | 82.7 |
| APM peak | 132 |
| eAPM avg | 46.8 |
| Villagers / military | 234 / 377 |
Focus
⚔️ 48.3% · 🌾 51.7%
Skirmisher ×111 · Scout Cavalry ×109 · Cavalry Archer ×92 · Spearman ×24 · Leitis ×12 · Monk ×9
Match map
Initial resources + every placement click. Lines = walls · curves = elevation contours. ◆ gold · ⬟ stone · ● berries · ✦ relic · ◌ wall gap
Your base· Open — opponent sealed themselves in
我本善良's base· ✓ Closed at 22:26 · 67t walls · 2 gate(s)
Smoothed initial terrain · ◌ = detected wall gap · hover for details
Inputs per minute
— Mununez - - 我本善良
Build order — Mununez
First 150 of 687 actions detected
| 0:00 | Create | Villager (Male) |
| 0:01 | Create | Villager (Male) |
| 0:01 | Create | Villager (Male) |
| 0:02 | Build | House |
| 0:03 | Build | House |
| 0:09 | Create | Villager (Male) |
| 1:41 | Create | Villager (Male) |
| 1:52 | Build | Lumber Camp |
| 1:57 | Create | Villager (Male) |
| 2:17 | Create | Villager (Male) |
| 2:55 | Create | Villager (Male) |
| 3:18 | Create | Villager (Male) |
| 3:38 | Create | Villager (Male) |
| 3:57 | Build | House |
| 4:04 | Create | Villager (Male) |
| 4:22 | Create | Villager (Male) |
| 4:31 | Build | Barracks |
| 4:46 | Research | Loom |
| 5:01 | Build | House |
| 5:17 | Create | Villager (Male) |
| 5:24 | Create | Militia |
| 5:24 | Create | Militia |
| 5:36 | Create | Villager (Male) |
| 6:03 | Create | Villager (Male) |
| 6:17 | Build | Mill |
| 6:40 | Create | Villager (Male) |
| 7:01 | Create | Villager (Male) |
| 7:38 | Create | Villager (Male) |
| 8:05 | Research | Feudal Age |
| 8:05 | Research | Feudal Age |
| 8:38 | Build | Mill |
| 9:31 | Build | Mining Camp |
| 9:38 | Create | Villager (Male) |
| 9:58 | Build | Palisade Wall |
| 10:15 | Age | Feudal Age |
| 10:19 | Build | Archery Range |
| 10:20 | Research | Double-Bit Axe |
| 10:24 | Build | Farm |
| 10:28 | Create | Villager (Male) |
| 10:56 | Create | Villager (Male) |
| 11:02 | Build | House |
| 11:03 | Create | Archer |
| 11:07 | Build | Farm |
| 11:28 | Create | Villager (Male) |
| 11:39 | Create | Archer |
| 11:50 | Create | Villager (Male) |
| 11:55 | Build | Blacksmith |
| 12:05 | Build | Farm |
| 12:06 | Create | Villager (Male) |
| 12:10 | Build | House |
| 12:20 | Create | Archer |
| 12:22 | Create | Villager (Male) |
| 12:36 | Build | Farm |
| 12:48 | Research | Fletching |
| 12:54 | Create | Villager (Male) |
| 13:09 | Create | Villager (Male) |
| 13:11 | Build | Farm |
| 13:33 | Create | Villager (Male) |
| 13:37 | Create | Archer |
| 13:45 | Build | Stable |
| 13:50 | Create | Archer |
| 14:00 | Build | Farm |
| 14:09 | Build | House |
| 14:16 | Create | Archer |
| 14:16 | Create | Villager (Male) |
| 14:19 | Create | Scout Cavalry |
| 14:29 | Build | Farm |
| 14:31 | Create | Villager (Male) |
| 14:41 | Build | Farm |
| 14:47 | Build | House |
| 14:50 | Create | Scout Cavalry |
| 15:04 | Create | Scout Cavalry |
| 15:22 | Create | Villager (Male) |
| 15:24 | Create | Archer |
| 15:26 | Build | Farm |
| 15:28 | Build | Farm |
| 15:30 | Build | Farm |
| 15:33 | Create | Scout Cavalry |
| 15:35 | Create | Villager (Male) |
| 15:54 | Build | House |
| 15:56 | Build | Farm |
| 15:56 | Build | Farm |
| 16:07 | Create | Archer |
| 16:08 | Create | Villager (Male) |
| 16:15 | Build | Farm |
| 16:26 | Create | Villager (Male) |
| 16:27 | Create | Scout Cavalry |
| 16:32 | Build | Farm |
| 16:56 | Create | Villager (Male) |
| 16:58 | Build | Farm |
| 16:59 | Build | Farm |
| 17:13 | Build | House |
| 17:14 | Build | House |
| 17:17 | Research | Wheelbarrow |
| 17:37 | Create | Archer |
| 17:39 | Build | Farm |
| 18:12 | Create | Villager (Male) |
| 18:28 | Build | Lumber Camp |
| 18:34 | Create | Archer |
| 18:49 | Build | House |
| 18:51 | Build | House |
| 19:10 | Build | Farm |
| 19:37 | Research | Castle Age |
| 20:09 | Research | Scale Barding Armor |
| 20:13 | Create | Archer |
| 20:16 | Research | Gold Mining |
| 20:36 | Create | Archer |
| 21:46 | Build | Lumber Camp |
| 21:47 | Create | Villager (Male) |
| 22:00 | Research | Bloodlines |
| 22:12 | Research | Horse Collar |
| 22:13 | Build | Farm |
| 22:17 | Age | Castle Age |
| 22:20 | Build | Siege Workshop |
| 22:21 | Create | Unit 1944 |
| 22:24 | Research | Bodkin Arrow |
| 22:27 | Build | Farm |
| 22:31 | Create | Villager (Male) |
| 22:51 | Build | House |
| 22:52 | Create | Villager (Male) |
| 22:53 | Build | Farm |
| 22:55 | Research | Town Watch |
| 23:07 | Create | Mangonel |
| 23:13 | Build | House |
| 23:15 | Build | Farm |
| 23:16 | Create | Villager (Male) |
| 23:19 | Create | Unit 1944 |
| 23:36 | Build | House |
| 23:39 | Create | Unit 1944 |
| 23:41 | Create | Villager (Male) |
| 23:46 | Build | Town Center |
| 23:59 | Build | House |
| 24:11 | Create | Villager (Male) |
| 24:28 | Create | Villager (Male) |
| 24:31 | Create | Unit 1944 |
| 24:33 | Create | Mangonel |
| 24:48 | Create | Villager (Male) |
| 25:21 | Create | Villager (Male) |
| 25:24 | Create | Unit 1944 |
| 25:25 | Create | Villager (Male) |
| 25:25 | Create | Villager (Male) |
| 25:25 | Create | Villager (Male) |
| 25:28 | Build | Farm |
| 25:29 | Build | Farm |
| 25:29 | Build | Farm |
| 25:44 | Build | Archery Range |
| 25:54 | Create | Villager (Male) |
| 25:59 | Create | Unit 1944 |
| 26:20 | Create | Villager (Male) |
| 26:20 | Create | Villager (Male) |
Build order — 我本善良
First 150 of 853 actions detected
| 0:00 | Create | Villager (Male) |
| 0:01 | Create | Villager (Male) |
| 0:01 | Build | House |
| 0:02 | Build | House |
| 0:20 | Create | Villager (Male) |
| 0:48 | Create | Villager (Male) |
| 0:48 | Create | Villager (Male) |
| 0:51 | Create | Villager (Male) |
| 0:52 | Create | Villager (Male) |
| 0:52 | Create | Villager (Male) |
| 1:27 | Create | Villager (Male) |
| 1:27 | Create | Villager (Male) |
| 2:24 | Build | Barracks |
| 2:50 | Create | Villager (Male) |
| 2:50 | Create | Villager (Male) |
| 3:17 | Build | House |
| 3:20 | Create | Militia |
| 3:20 | Create | Militia |
| 3:23 | Create | Militia |
| 3:41 | Create | Villager (Male) |
| 3:52 | Create | Villager (Male) |
| 4:15 | Create | Villager (Male) |
| 4:18 | Build | House |
| 4:21 | Build | House |
| 4:39 | Create | Villager (Male) |
| 5:47 | Create | Villager (Male) |
| 5:47 | Create | Villager (Male) |
| 6:16 | Build | Lumber Camp |
| 6:25 | Create | Militia |
| 6:31 | Create | Villager (Male) |
| 6:52 | Build | House |
| 7:00 | Create | Villager (Male) |
| 7:13 | Research | Loom |
| 7:55 | Create | Villager (Male) |
| 8:27 | Create | Villager (Male) |
| 8:40 | Build | Mill |
| 9:01 | Create | Villager (Male) |
| 9:03 | Build | Mill |
| 9:38 | Research | Feudal Age |
| 9:38 | Research | Feudal Age |
| 10:23 | Build | Palisade Wall |
| 10:24 | Build | Palisade Wall |
| 10:25 | Build | Palisade Wall |
| 10:30 | Build | Farm |
| 10:31 | Build | Farm |
| 10:54 | Build | Farm |
| 11:00 | Create | Villager (Male) |
| 11:48 | Age | Feudal Age |
| 11:50 | Build | Archery Range |
| 11:53 | Build | Archery Range |
| 12:01 | Research | Double-Bit Axe |
| 12:02 | Research | Double-Bit Axe |
| 12:15 | Create | Villager (Male) |
| 12:22 | Build | Palisade Wall |
| 12:23 | Build | Palisade Wall |
| 12:29 | Create | Villager (Male) |
| 12:33 | Create | Skirmisher |
| 12:47 | Build | Palisade Wall |
| 12:52 | Create | Skirmisher |
| 12:54 | Create | Villager (Male) |
| 13:26 | Create | Villager (Male) |
| 13:27 | Create | Skirmisher |
| 13:36 | Build | House |
| 13:36 | Build | Palisade Wall |
| 13:43 | Build | Palisade Wall |
| 13:44 | Create | Villager (Male) |
| 13:47 | Build | Farm |
| 13:48 | Build | Farm |
| 13:54 | Create | Spearman |
| 13:55 | Create | Skirmisher |
| 14:00 | Build | House |
| 14:04 | Create | Spearman |
| 14:10 | Create | Villager (Male) |
| 14:11 | Build | Farm |
| 14:25 | Create | Skirmisher |
| 14:29 | Build | Palisade Wall |
| 14:36 | Build | House |
| 14:37 | Build | Palisade Wall |
| 14:40 | Create | Villager (Male) |
| 14:40 | Create | Skirmisher |
| 14:45 | Build | House |
| 14:46 | Build | Palisade Wall |
| 14:52 | Build | Palisade Wall |
| 15:02 | Create | Spearman |
| 15:09 | Create | Spearman |
| 15:22 | Create | Villager (Male) |
| 15:24 | Build | Farm |
| 15:25 | Build | Farm |
| 15:33 | Create | Skirmisher |
| 15:40 | Create | Villager (Male) |
| 15:42 | Build | Palisade Wall |
| 15:53 | Build | Farm |
| 15:54 | Create | Villager (Male) |
| 16:10 | Build | Palisade Wall |
| 16:23 | Build | House |
| 16:25 | Build | House |
| 16:30 | Build | Gate |
| 16:31 | Build | Gate |
| 16:37 | Create | Villager (Male) |
| 16:45 | Build | Blacksmith |
| 16:52 | Build | House |
| 16:54 | Create | Villager (Male) |
| 16:58 | Build | Farm |
| 17:15 | Build | Palisade Wall |
| 17:18 | Build | Palisade Wall |
| 17:22 | Build | House |
| 17:25 | Create | Villager (Male) |
| 17:32 | Create | Skirmisher |
| 17:38 | Build | Mining Camp |
| 17:46 | Build | House |
| 18:05 | Create | Villager (Male) |
| 18:20 | Build | House |
| 18:24 | Create | Villager (Male) |
| 18:29 | Build | Palisade Wall |
| 18:35 | Create | Villager (Male) |
| 18:36 | Research | Fletching |
| 18:45 | Build | Lumber Camp |
| 18:49 | Create | Skirmisher |
| 19:09 | Build | Farm |
| 19:22 | Research | Padded Archer Armor |
| 19:22 | Research | Padded Archer Armor |
| 19:23 | Create | Skirmisher |
| 19:38 | Create | Villager (Male) |
| 19:46 | Research | Castle Age |
| 19:46 | Research | Castle Age |
| 19:48 | Build | Stone Wall |
| 19:51 | Build | Stone Wall |
| 20:07 | Create | Skirmisher |
| 20:09 | Build | Farm |
| 20:11 | Build | Farm |
| 20:12 | Build | Farm |
| 20:13 | Build | Farm |
| 20:14 | Build | Farm |
| 20:22 | Build | Farm |
| 20:25 | Build | Farm |
| 20:42 | Create | Villager (Male) |
| 20:53 | Create | Skirmisher |
| 20:59 | Build | Archery Range |
| 21:14 | Research | Gold Mining |
| 21:15 | Research | Gold Mining |
| 21:39 | Research | Padded Archer Armor |
| 21:59 | Build | Stable |
| 22:12 | Research | Town Watch |
| 22:12 | Research | Wheelbarrow |
| 22:15 | Research | Wheelbarrow |
| 22:26 | Age | Castle Age |
| 22:29 | Create | Cavalry Archer |
| 22:29 | Create | Cavalry Archer |
| 22:46 | Create | Villager (Male) |
| 22:47 | Research | Bodkin Arrow |
Match timeline
| 2:24 | 我本善良 · first_building Barracks |
| 4:31 | Mununez · first_building Barracks |
| 9:58 | Mununez · wall_segment Palisade Wall x1 |
| 10:15 | Mununez · age_up feudal |
| 10:19 | Mununez · first_building Archery Range |
| 10:23 | 我本善良 · wall_segment Palisade Wall x4 |
| 10:24 | 我本善良 · wall_segment Palisade Wall x5 |
| 10:25 | 我本善良 · wall_segment Palisade Wall x6 |
| 11:48 | 我本善良 · age_up feudal |
| 11:50 | 我本善良 · first_building Archery Range |
| 12:22 | 我本善良 · wall_segment Palisade Wall x4 |
| 12:23 | 我本善良 · wall_segment Palisade Wall x9 |
| 12:47 | 我本善良 · wall_segment Palisade Wall x11 |
| 13:36 | 我本善良 · wall_segment Palisade Wall x5 |
| 13:43 | 我本善良 · wall_segment Palisade Wall x5 |
| 13:45 | Mununez · first_building Stable |
| 14:29 | 我本善良 · wall_segment Palisade Wall x3 |
| 14:37 | 我本善良 · wall_segment Palisade Wall x2 |
| 14:46 | 我本善良 · wall_segment Palisade Wall x5 |
| 14:52 | 我本善良 · wall_segment Palisade Wall x4 |
| 15:42 | 我本善良 · wall_segment Palisade Wall x2 |
| 16:10 | 我本善良 · wall_segment Palisade Wall x1 |
| 17:15 | 我本善良 · wall_segment Palisade Wall x8 |
| 17:18 | 我本善良 · wall_segment Palisade Wall x3 |
| 18:29 | 我本善良 · wall_segment Palisade Wall x1 |
| 19:48 | 我本善良 · wall_segment Stone Wall x1 |
| 19:51 | 我本善良 · wall_segment Stone Wall x1 |
| 21:59 | 我本善良 · first_building Stable |
| 22:17 | Mununez · age_up castle |
| 22:20 | Mununez · first_building Siege Workshop |
| 22:26 | 我本善良 · age_up castle |
| 27:41 | 我本善良 · first_building Monastery |
| 27:46 | Mununez · wall_segment Palisade Wall x1 |
| 28:20 | Mununez · first_building Monastery |
| 29:44 | 我本善良 · wall_segment Palisade Wall x3 |
| 29:51 | 我本善良 · wall_segment Palisade Wall x3 |
| 30:55 | 我本善良 · wall_segment Palisade Wall x1 |
| 31:13 | Mununez · first_market_buy 100 food |
| 32:17 | 我本善良 · first_building Siege Workshop |
| 33:09 | 我本善良 · first_building Castle |
| 37:04 | Mununez · first_building Castle |
| 38:51 | 我本善良 · first_market_buy 100 stone |
| 38:52 | 我本善良 · first_market_sell 100 food |
| 39:09 | Mununez · first_market_sell 500 wood |
| 39:17 | 我本善良 · wall_segment Stone Wall x1 |
| 39:32 | Mununez · wall_segment Stone Wall x8 |
| 42:13 | 我本善良 · wall_segment Palisade Wall x1 |
| 42:18 | 我本善良 · wall_segment Palisade Wall x1 |
| 42:29 | Mununez · age_up imperial |
| 42:44 | 我本善良 · wall_segment Palisade Wall x1 |
| 44:32 | 我本善良 · wall_segment Stone Wall x18 |
| 44:34 | 我本善良 · wall_segment Stone Wall x9 |
| 45:33 | 我本善良 · age_up imperial |
| 45:57 | 我本善良 · wall_segment Stone Wall x13 |
| 49:30 | Mununez · first_building Dock |
| 49:38 | 我本善良 · wall_segment Stone Wall x10 |
| 49:40 | 我本善良 · wall_segment Stone Wall x9 |
| 54:14 | 我本善良 · wall_segment Stone Wall x15 |
| 62:05 | 我本善良 · resign |
[ AI ANALYSIS · 1 CREDIT ]
What really happened in this match?
Wolo.gg analyzes every decision: build order, eco, micro, common mistakes by bracket. Personalized analysis on WhatsApp or Discord in 30 seconds.
Civ guide
Wu
Perfil
Jugador #3444509